[Event "Titled Tuesday Blitz August 09 Late 2022"]
[White "Hnydiuk, Aleksander"]
[Black "Oparin, Grigoriy"]
[WhiteFideId "1109057"]
[BlackFideId "24125890"]
[WhiteElo "2374"]
[BlackElo "2639"]
[Result "0-1"]
[Round "03"]
[TimeControl "180+1"]
[Date "2022.08.09"]
[WhiteClock "0:00:02"]
[BlackClock "0:00:36"]

1. Nf3 Nf6 2. c4 e6 3. g3 d5 4. d4 dxc4 5. Bg2 a6 6. O-O Nc6 7. Qd2 Rb8 8. Ne5 Nxe5 9. dxe5 Qxd2 10. Nxd2 Nd5 11. Nxc4 Bd7 12. Bd2 Bb5 13. Rfc1 Be7 14. a4 Bxc4 15. Rxc4 c6 16. b4 O-O 17. b5 axb5 18. axb5 cxb5 19. Rc2 Rfd8 20. Rb1 b4 21. Bxd5 Rxd5 22. Bxb4 Bxb4 23. Rxb4 b5 24. f4 g5 25. Rc7 Kg7 26. Kf2 Kg6 27. Kf3 h5 28. h3 Ra8 29. Rc3 Ra4 30. Rcb3 Ra5 31. Rd3 Rc5 32. Rdb3 Kf5 33. e4+ Kg6 34. Kf2 g4 35. hxg4 hxg4 36. Ke3 Kg7 37. Kd4 Rc1 38. Rxb5 Ra4+ 39. R3b4 Ra2 40. Rc4 Rd2+ 41. Kc5 Rg1 42. Rc3 Rd8 43. Rbb3 Re1 44. Kc4 Rxe4+ 45. Kc5 Rd5+ 46. Kc6 Kg6 47. Rd3 Ra5 48. Ra3 Rc4+ 49. Kb6 Rac5 0-1


[Site "https://www.chess.com"]

[Event "Titled Tuesday Blitz August 09 Late 2022"]
[White "Holt, Conrad"]
[Black "Goltsev, Dmitry"]
[WhiteFideId "2034387"]
[BlackFideId "24176710"]
[WhiteElo "2586"]
[BlackElo "2258"]
[Result "0-1"]
[Round "03"]
[TimeControl "180+1"]
[Date "2022.08.09"]
[WhiteClock "0:00:14"]
[BlackClock "0:00:08"]

1. d4 Nf6 2. c4 e6 3. Nc3 d5 4. cxd5 exd5 5. Bg5 c6 6. e3 Be7 7. Qc2 h6 8. Bh4 Nbd7 9. Bd3 Nf8 10. Nf3 Ne6 11. O-O a6 12. Rad1 Bd7 13. Ne5 Rc8 14. Na4 Ng5 15. Nc5 Rc7 16. Nexd7 Nxd7 17. Bg3 O-O 18. Bxc7 Qxc7 19. Nxd7 Qxd7 20. Bf5 Qc7 21. e4 g6 22. f4 gxf5 23. fxg5 fxe4 24. Rf5 Bxg5 25. Rxd5 Re8 26. Rf5 e3 27. Qe2 Qd7 28. Rdf1 Re7 29. h4 Bxh4 30. Qg4+ Bg5 31. Rxg5+ hxg5 32. Qxg5+ Kf8 33. Qh6+ Kg8 34. Rf5 Qxf5 0-1


[Site "https://www.chess.com"]

[Event "Titled Tuesday Blitz August 09 Late 2022"]
[White "Ibarra Jerez, Jose Carlos"]
[Black "Gurevich, Dmitry"]
[WhiteFideId "2226332"]
[BlackFideId "2000407"]
[WhiteElo "2628"]
[BlackElo "2506"]
[Result "1-0"]
[Round "03"]
[TimeControl "180+1"]
[Date "2022.08.09"]
[WhiteClock "0:00:15"]
[BlackClock "0:00:08"]

1. Nf3 Nf6 2. g3 d5 3. Bg2 c6 4. O-O Bf5 5. d3 h6 6. c4 e6 7. Be3 Nbd7 8. Qb3 Qc8 9. Nc3 Bc5 10. Bxc5 Nxc5 11. Qa3 Ncd7 12. cxd5 exd5 13. e4 dxe4 14. dxe4 Be6 15. e5 Nd5 16. Ne4 Qc7 17. Nd6+ Kd8 18. Rfe1 Qb6 19. Re4 Kc7 20. Rc1 a5 21. Nd4 Kb8 22. Nxb7 Kxb7 23. Rxc6 Qb4 24. Qf3 Nc5 25. a3 Qc4 26. Nxe6 Qc1+ 27. Bf1 fxe6 28. Rc4 Rhf8 29. Qe2 Qxc4 30. Qxc4 Kxc6 31. Qb5+ Kc7 32. Qxc5+ Kb7 33. Qd6 Rae8 34. Bb5 Re7 35. Bc6+ 1-0


[Site "https://www.chess.com"]

[Event "Titled Tuesday Blitz August 09 Late 2022"]
[White "Iliaguev, Nisim"]
[Black "Andreikin, Dmitry"]
[WhiteFideId "2817276"]
[BlackFideId "4158814"]
[WhiteElo "2107"]
[BlackElo "2736"]
[Result "1/2-1/2"]
[Round "03"]
[TimeControl "180+1"]
[Date "2022.08.09"]
[WhiteClock "0:00:11"]
[BlackClock "0:00:07"]

1. d4 Nf6 2. Nf3 g6 3. g3 b6 4. Bg2 Bb7 5. O-O Bg7 6. c4 O-O 7. Nc3 Ne4 8. Nxe4 Bxe4 9. h4 d5 10. Qa4 Qd7 11. Qxd7 Nxd7 12. cxd5 Bxd5 13. Bf4 c5 14. Rad1 Rad8 15. dxc5 Nxc5 16. Ne5 Bxg2 17. Kxg2 Rc8 18. Nd7 Rfe8 19. Nxc5 Rxc5 20. Rd2 f5 21. b3 Kf7 22. Rfd1 Bf6 23. Rd7 Rc2 24. Rxa7 Rxe2 25. a4 Rc8 26. Rd2 Re4 27. Bc7 Rb4 28. Rd3 Ke6 29. Rb7 Bd4 30. Bf4 Rc3 31. Rxc3 Bxc3 32. Be3 Rxb3 33. Rxb6+ Rxb6 34. Bxb6 Kd5 35. Kf3 e5 36. Ke2 Kc4 37. f3 h5 38. Bc7 Kb4 39. Kd3 Bb2 40. a5 Kb5 41. Bb6 Ba3 42. Bc7 Bb2 43. Bb6 Ba1 44. Bc7 Bd4 45. f4 Bf2 46. fxe5 Bxg3 47. a6 Kxa6 48. e6 Bxh4 49. Bd6 Kb5 50. e7 Bxe7 51. Bxe7 Kc6 52. Ke3 Kd7 53. Bg5 Ke6 54. Kf4 Kd5 55. Bh4 Kd4 56. Bg5 Kd3 57. Kf3 Kc4 58. Kf4 Kd4 59. Bh4 Kd3 60. Kf3 Kd2 61. Bg5+ Ke1 62. Kg3 Ke2 63. Bf4 Kf1 64. Bg5 Kg1 65. Bf4 Kf1 66. Kh4 Kg2 67. Kg5 Kf3 68. Bc7 Ke4 69. Kxg6 h4 70. Kg5 h3 71. Bh2 f4 72. Bxf4 Kf3 73. Bh2 Kg2 74. Bd6 h2 75. Bxh2 1/2-1/2


[Site "https://www.chess.com"]

[Event "Titled Tuesday Blitz August 09 Late 2022"]
[White "Kravtsiv, Martyn"]
[Black "Nakamura, Hikaru"]
[WhiteFideId "14113147"]
[BlackFideId "2016192"]
[WhiteElo "2694"]
[BlackElo "2850"]
[Result "0-1"]
[Round "03"]
[TimeControl "180+1"]
[Date "2022.08.09"]
[WhiteClock "0:00:05"]
[BlackClock "0:00:17"]

1. e4 c6 2. Nf3 d5 3. d3 Bg4 4. h3 Bh5 5. Qe2 Nd7 6. Nc3 e6 7. g4 dxe4 8. Nxe4 Bg6 9. Bd2 Ngf6 10. Bg2 Qb6 11. O-O-O Qa6 12. Nxf6+ gxf6 13. Kb1 O-O-O 14. Bc3 Qb6 15. Nh4 Bb4 16. Bxb4 Qxb4 17. a3 Qf4 18. Qe3 Qxe3 19. fxe3 h5 20. Bf3 hxg4 21. hxg4 Rdg8 22. d4 Kd8 23. Kc1 Ke7 24. Kd2 Nb6 25. b3 Nc8 26. Rh3 Kf8 27. Rdh1 Kg7 28. c4 Nd6 29. Nxg6 Rxh3 30. Rxh3 fxg6 31. Kc3 Re8 32. Bg2 e5 33. Kd3 a5 34. Rh1 Rd8 35. Kc3 Ne8 36. b4 axb4+ 37. axb4 Ra8 38. Kb3 Rd8 39. d5 cxd5 40. Bxd5 b5 41. Ra1 Kh6 42. e4 bxc4+ 43. Kxc4 Rc8+ 44. Kb3 Kg5 45. b5 Nd6 46. Kb4 Rb8 47. Bc6 Kxg4 48. Rd1 Nxb5 49. Bxb5 f5 50. exf5 gxf5 51. Kc4 e4 52. Bc6 Rc8 53. Kc5 e3 54. Rd7 f4 55. Re7 Kg3 56. Re4 Rd8 57. Bd5 Rb8 58. Kd4 Rb4+ 59. Kd3 Rxe4 60. Bxe4 Kf2 0-1


[Site "https://www.chess.com"]

[Event "Titled Tuesday Blitz August 09 Late 2022"]
[White "Large, Peter G"]
[Black "Schmakel, Sam"]
[WhiteFideId "400866"]
[BlackFideId "2039311"]
[WhiteElo "2064"]
[BlackElo "2356"]
[Result "0-1"]
[Round "03"]
[TimeControl "180+1"]
[Date "2022.08.09"]
[WhiteClock "0:00:05"]
[BlackClock "0:00:35"]

1. Nf3 c5 2. b3 g6 3. Bb2 Nf6 4. e3 Bg7 5. c4 O-O 6. Be2 d5 7. cxd5 Nxd5 8. Bxg7 Kxg7 9. Qc1 b6 10. O-O Bb7 11. a3 Nc6 12. Qb2+ f6 13. d3 e5 14. Nbd2 Qd7 15. Rac1 Rfe8 16. Rfe1 a5 17. Bf1 Rad8 18. h3 g5 19. Ne4 h6 20. Red1 f5 21. Ng3 Kg6 22. Re1 Nf6 23. Rcd1 Qd6 24. Qc2 Qe6 25. d4 e4 26. dxc5 exf3 27. cxb6 Ne5 28. Rxd8 Rxd8 29. Qc7 Rd7 30. Qb8 fxg2 31. Bxg2 Bxg2 32. Kxg2 Qd5+ 33. Kf1 Nf3 34. Rc1 Nh4 0-1


[Site "https://www.chess.com"]

[Event "Titled Tuesday Blitz August 09 Late 2022"]
[White "Livaic, Leon"]
[Black "Janaszak, Dawid"]
[WhiteFideId "14531534"]
[BlackFideId "1119206"]
[WhiteElo "2540"]
[BlackElo "2165"]
[Result "1-0"]
[Round "03"]
[TimeControl "180+1"]
[Date "2022.08.09"]
[WhiteClock "0:00:02"]
[BlackClock "0:00:01"]

1. d4 Nf6 2. c4 c5 3. d5 b5 4. cxb5 a6 5. bxa6 Bxa6 6. Nc3 d6 7. e4 Bxf1 8. Kxf1 g6 9. Nf3 Bg7 10. g3 O-O 11. Kg2 Qb6 12. Re1 Na6 13. e5 dxe5 14. Nxe5 e6 15. dxe6 Qxe6 16. Bf4 Nh5 17. Qf3 Nxf4+ 18. Qxf4 Nb4 19. Re2 Qa6 20. Qf3 Bxe5 21. Rxe5 Nd3 22. Re2 Rfe8 23. b3 Rxe2 24. Qxe2 c4 25. Nd5 cxb3 26. a3 b2 27. Rd1 Rd8 28. Rxd3 Rxd5 29. Qe8+ Kg7 30. Rf3 Rf5 31. Rb3 Qe2 32. Qxe2 1-0


[Site "https://www.chess.com"]

[Event "Titled Tuesday Blitz August 09 Late 2022"]
[White "Lorenzo De La Riva, Lazaro"]
[Black "Pakleza, Zbigniew"]
[WhiteFideId "2268809"]
[BlackFideId "1119290"]
[WhiteElo "2325"]
[BlackElo "2411"]
[Result "0-1"]
[Round "03"]
[TimeControl "180+1"]
[Date "2022.08.09"]
[WhiteClock "0:00:07"]
[BlackClock "0:00:06"]

1. d4 d6 2. e4 Nf6 3. Nc3 c6 4. f4 Qb6 5. Nf3 Bg4 6. Be2 Bxf3 7. gxf3 e6 8. a3 d5 9. Be3 Nbd7 10. Rg1 g6 11. Kf2 O-O-O 12. e5 Nh5 13. Bd3 Kb8 14. b4 Bh6 15. Ne2 f6 16. Qd2 Rdf8 17. a4 fxe5 18. dxe5 Qd8 19. Rg4 Rf7 20. Ng3 Rhf8 21. Ne2 Nxe5 22. fxe5 Rxf3+ 23. Kg2 Bxe3 24. Qc3 Rf2+ 25. Kh1 d4 26. Qc5 Qd5+ 27. Qxd5 cxd5 28. Nxd4 Bxd4 29. Rxd4 Nf4 30. Bf1 Ne2 31. Bxe2 Rxe2 32. c4 Rff2 33. Rh4 dxc4 34. Rc1 Rc2 35. Rxc2 Rxc2 36. Rxh7 c3 37. Rh3 Kc7 38. Rg3 Kc6 39. Rxg6 Rb2 40. Rg3 c2 41. Rc3+ Kd5 42. Rc5+ Kd4 43. h4 Rb1+ 44. Kg2 c1=Q 45. Rxc1 Rxc1 46. h5 Kxe5 0-1


[Site "https://www.chess.com"]

[Event "Titled Tuesday Blitz August 09 Late 2022"]
[White "Lukiyanchuk, Vladislav"]
[Black "Izoria, Zviad"]
[WhiteFideId "14127113"]
[BlackFideId "13601733"]
[WhiteElo "2345"]
[BlackElo "2626"]
[Result "0-1"]
[Round "03"]
[TimeControl "180+1"]
[Date "2022.08.09"]
[WhiteClock "0:00:10"]
[BlackClock "0:00:33"]

1. d4 d6 2. c4 e5 3. Nc3 exd4 4. Qxd4 Nc6 5. Qd1 Nf6 6. Bg5 h6 7. Bh4 Be6 8. e3 g5 9. Bg3 d5 10. cxd5 Nxd5 11. Bb5 Nxc3 12. bxc3 Qxd1+ 13. Rxd1 Bg7 14. Ne2 O-O 15. Nd4 Nxd4 16. cxd4 c6 17. Bd3 Bxa2 18. h4 g4 19. Bf5 Be6 20. Bxe6 fxe6 21. h5 Bf6 22. Ke2 a5 23. Rb1 b5 24. Rhc1 Rfc8 25. Bd6 Kf7 26. f3 gxf3+ 27. gxf3 a4 28. Kd3 Be7 29. Bxe7 Kxe7 30. Rg1 Rg8 31. Rgc1 Kd6 32. Rb2 Rg3 33. Rbc2 Ra6 34. Ke4 Rh3 35. Rc5 a3 36. Ra1 b4 37. Rcc1 b3 38. Rcb1 b2 39. Ra2 Rxh5 40. Kd3 Rh3 41. f4 h5 42. Ke4 Rg3 43. Kd3 h4 44. Rh1 h3 0-1


[Site "https://www.chess.com"]

[Event "Titled Tuesday Blitz August 09 Late 2022"]
[White "Mardov, Dimitar"]
[Black "Popilski, Gil"]
[WhiteFideId "30919495"]
[BlackFideId "2809060"]
[WhiteElo "2185"]
[BlackElo "2537"]
[Result "1-0"]
[Round "03"]
[TimeControl "180+1"]
[Date "2022.08.09"]
[WhiteClock "0:00:17"]
[BlackClock "0:00:07"]

1. d4 f5 2. Nf3 Nf6 3. g3 g6 4. Bg2 Bg7 5. O-O O-O 6. c4 d6 7. Nc3 Qe8 8. d5 Na6 9. Nd4 Bd7 10. b3 c6 11. Bb2 Nc7 12. dxc6 bxc6 13. Nc2 Rd8 14. Qd2 h6 15. Rad1 g5 16. e4 f4 17. f3 fxg3 18. hxg3 Nh5 19. Qe1 Be5 20. g4 Ng3 21. Rf2 Ne6 22. Ne3 Nf4 23. Nf5 Bxf5 24. exf5 h5 25. Ne4 Bxb2 26. Rxb2 Nxe4 27. Qxe4 h4 28. Rbd2 c5 29. Re1 Rd7 30. Qc2 Qf7 31. Re4 Qf6 32. Rxf4 gxf4 33. Qe4 Qh6 34. g5 Qxg5 35. Qe6+ Kh8 36. Qxd7 h3 37. f6 Rxf6 38. Qxh3+ Kg7 39. Rd5 Qg6 40. Rh5 Re6 41. Qh4 Qb1+ 42. Kh2 Rf6 43. Rg5+ Kf7 44. Qh5+ Ke6 45. Bh3+ 1-0


[Site "https://www.chess.com"]

[Event "Titled Tuesday Blitz August 09 Late 2022"]
[White "Naroditsky, Daniel"]
[Black "Hambleton, Aman"]
[WhiteFideId "2026961"]
[BlackFideId "2606577"]
[WhiteElo "2628"]
[BlackElo "2538"]
[Result "1-0"]
[Round "03"]
[TimeControl "180+1"]
[Date "2022.08.09"]
[WhiteClock "0:01:21"]
[BlackClock "0:00:02"]

1. d4 Nf6 2. Nc3 d5 3. Bf4 a6 4. e3 e6 5. Bd3 c5 6. dxc5 Bxc5 7. Nf3 Nc6 8. O-O Bd6 9. Bxd6 Qxd6 10. e4 dxe4 11. Nxe4 Nxe4 12. Bxe4 Qxd1 13. Raxd1 Bd7 14. Ng5 f5 15. Bxc6 bxc6 16. Rfe1 Ke7 17. Nf7 Rhd8 18. Nxd8 Rxd8 19. Re5 Rb8 20. b3 Be8 21. Rde1 Bd7 22. Rxf5 Rb4 23. Ra5 Rd4 24. Rxa6 Rd2 25. Rc1 e5 26. a4 Kd6 27. a5 e4 28. Ra8 Kc7 29. a6 Bc8 30. Ra1 e3 31. Rxc8+ Kxc8 32. a7 e2 33. a8=Q+ Kc7 34. Ra7+ Kb6 35. Qb8+ Kc5 36. Ra5+ Kd4 37. Qe5# 1-0


[Site "https://www.chess.com"]

[Event "Titled Tuesday Blitz August 09 Late 2022"]
[White "Nazaretyan, Tigran"]
[Black "Kevlishvili, Robby"]
[WhiteFideId "24162345"]
[BlackFideId "1040634"]
[WhiteElo "2183"]
[BlackElo "2585"]
[Result "0-1"]
[Round "03"]
[TimeControl "180+1"]
[Date "2022.08.09"]
[WhiteClock "0:00:02"]
[BlackClock "0:00:34"]

1. d4 d5 2. c4 c6 3. Nf3 Nf6 4. Nc3 a6 5. e3 Bf5 6. Bd3 Bxd3 7. Qxd3 e6 8. a3 Nbd7 9. e4 dxc4 10. Qxc4 Rc8 11. e5 Nd5 12. Ne4 c5 13. Bg5 Qc7 14. Rc1 cxd4 15. Qxd4 Qxc1+ 16. Bxc1 Rxc1+ 17. Kd2 Rxh1 18. Qa7 Be7 19. Qa8+ Bd8 20. Nd6+ Ke7 21. Qxb7 Bc7 22. Nd4 Nxe5 23. Ne4 Rb8 24. Qxa6 Rxb2+ 25. Nc2 Ra1 26. f4 Rxc2+ 27. Kxc2 Nb4+ 28. Kb2 Nxa6 29. Kxa1 Nd3 30. g3 Nxf4 31. gxf4 Bxf4 32. Kb2 Bxh2 33. Kc3 h5 34. Kc4 h4 35. Kb5 Nc7+ 36. Kc6 Bf4 37. Nf2 g5 38. Nh3 f6 39. a4 Bd6 40. a5 g4 41. Nf2 f5 42. Nd1 h3 43. Ne3 h2 44. Ng2 h1=Q 45. Kb7 Qxg2+ 46. Ka7 Qa8+ 0-1


[Site "https://www.chess.com"]

[Event "Titled Tuesday Blitz August 09 Late 2022"]
[White "Paravyan, David"]
[Black "Todorovic, Bojan"]
[WhiteFideId "4194985"]
[BlackFideId "917087"]
[WhiteElo "2569"]
[BlackElo "2266"]
[Result "1-0"]
[Round "03"]
[TimeControl "180+1"]
[Date "2022.08.09"]
[WhiteClock "0:02:16"]
[BlackClock "0:00:49"]

1. e4 c5 2. Nf3 Nc6 3. Nc3 e5 4. Nd5 Nf6 5. c3 Be7 6. Nxf6+ Bxf6 7. Bc4 O-O 8. O-O d6 9. d3 Be6 10. Bxe6 fxe6 11. b4 cxb4 12. cxb4 Qe8 13. b5 Nd8 14. Qb3 Kh8 15. a4 Nf7 16. Ba3 g5 17. Nd2 g4 18. Nc4 Rd8 19. a5 Rg8 20. a6 b6 21. Rac1 Qf8 22. Ne3 Qh6 23. Qxe6 Ng5 24. Nxg4 Nf3+ 25. gxf3 Rde8 26. Kh1 1-0


[Site "https://www.chess.com"]

[Event "Titled Tuesday Blitz August 09 Late 2022"]
[White "Romanchuk, Viktor"]
[Black "Alekseenko, Kirill"]
[WhiteFideId "14109271"]
[BlackFideId "4135539"]
[WhiteElo "2242"]
[BlackElo "2682"]
[Result "0-1"]
[Round "03"]
[TimeControl "180+1"]
[Date "2022.08.09"]
[WhiteClock "0:00:07"]
[BlackClock "0:00:23"]

1. d4 d5 2. c4 dxc4 3. e3 e5 4. Bxc4 Nc6 5. Ne2 Bd6 6. Nbc3 Nf6 7. O-O O-O 8. Nb5 Qe7 9. Nxd6 cxd6 10. dxe5 dxe5 11. Ng3 Be6 12. Bxe6 Qxe6 13. Bd2 Rfd8 14. Qe2 g6 15. Rfd1 h5 16. h3 h4 17. Nf1 Ne4 18. Be1 Rxd1 19. Qxd1 Rd8 20. Qc2 Nd6 21. f3 Nf5 22. b3 Qd5 23. Bf2 Qd6 24. Qc4 Qe7 25. Rc1 Kg7 26. Qc3 Qf6 27. Qe1 g5 28. Rd1 Rxd1 29. Qxd1 Qd6 30. Qxd6 Nxd6 31. e4 Nb5 32. Ne3 Nc3 33. a3 f6 34. Nd5 Nb5 35. a4 Nbd4 36. b4 Ne6 37. b5 Ncd4 38. Kf1 Kf7 39. Ke1 Nc5 40. Nc3 Nd3+ 41. Kf1 Ke6 42. Be3 b6 43. Bf2 Nf4 44. Be3 Nd3 45. Bf2 Nb3 46. Be1 Nf4 47. Bf2 Nd2+ 48. Kg1 Nc4 49. Kf1 Kd6 50. Bg1 Nb2 51. Bh2 Nbd3 52. Bxf4 Nxf4 53. Kf2 Kc5 54. Kf1 Kc4 55. Nd1 Kb4 56. Ne3 Kxa4 57. Ng4 Nh5 58. Nxf6 Nxf6 0-1


[Site "https://www.chess.com"]

[Event "Titled Tuesday Blitz August 09 Late 2022"]
[White "Rustemov, Alexander"]
[Black "Carlsson, Ludvig"]
[WhiteFideId "4119002"]
[BlackFideId "1727010"]
[WhiteElo "2765"]
[BlackElo "2195"]
[Result "1-0"]
[Round "03"]
[TimeControl "180+1"]
[Date "2022.08.09"]
[WhiteClock "0:00:11"]
[BlackClock "0:00:01"]

1. d4 e6 2. c4 d5 3. Nf3 Nf6 4. Nc3 Be7 5. Bg5 h6 6. Bh4 O-O 7. e3 Nbd7 8. Qc2 c5 9. cxd5 Nxd5 10. Bxe7 Qxe7 11. Nxd5 exd5 12. dxc5 Nxc5 13. Be2 Bg4 14. O-O Ne6 15. Rad1 Rfd8 16. Nd4 Rac8 17. Qd2 Nxd4 18. Bxg4 Ne6 19. Qe2 Rc7 20. Rd2 d4 21. exd4 Nxd4 22. Qd1 Nc6 23. Re1 Rxd2 24. Qxd2 Qg5 25. Re8+ Kh7 26. Qd3+ g6 27. Qc3 f6 28. h3 Re7 29. Rxe7+ Nxe7 30. Qc7 f5 31. Bf3 b6 32. g3 f4 33. g4 Qc5 34. Qxa7 h5 35. Kg2 hxg4 36. hxg4 Kh6 37. a3 Nd5 38. b4 Qd4 39. Qf7 Nf6 40. Qf8+ Kg5 41. Qe7 Qc3 42. Qd6 Qb2 43. Qxb6 Qe5 44. Qc5 1-0


[Site "https://www.chess.com"]

[Event "Titled Tuesday Blitz August 09 Late 2022"]
[White "Sadilek, Peter"]
[Black "Grischuk, Alexander"]
[WhiteFideId "1616439"]
[BlackFideId "4126025"]
[WhiteElo "2145"]
[BlackElo "2762"]
[Result "0-1"]
[Round "03"]
[TimeControl "180+1"]
[Date "2022.08.09"]
[WhiteClock "0:00:07"]
[BlackClock "0:01:02"]

1. d4 Nf6 2. c4 e6 3. g3 d5 4. Bg2 dxc4 5. Nf3 a6 6. O-O Nc6 7. Bg5 Be7 8. e3 Rb8 9. Nfd2 e5 10. Bxf6 Bxf6 11. d5 Na7 12. Nxc4 Nb5 13. Nbd2 Bf5 14. Ne4 Bxe4 15. Bxe4 g6 16. Qc2 O-O 17. Rfd1 Nd6 18. Nxd6 cxd6 19. Rac1 Bg7 20. Bg2 f5 21. Qc7 e4 22. b3 Rf7 23. Qxd8+ Rxd8 24. Bf1 Be5 25. a4 Kg7 26. Rc4 h5 27. Rdc1 h4 28. Rc7 Rdd7 29. Rxd7 Rxd7 30. b4 Kf6 31. b5 axb5 32. Bxb5 Rh7 33. a5 Bb2 34. Rc2 Ba3 35. a6 bxa6 36. Bxa6 Bc5 37. Bc8 Ke5 38. Be6 g5 39. Ra2 f4 40. gxf4+ gxf4 41. exf4+ Kxf4 42. Kg2 Rg7+ 43. Kh3 Kf3 44. Kxh4 Bxf2+ 45. Kh5 e3 46. h3 e2 47. Bg4+ Rxg4 48. hxg4 e1=Q 0-1


[Site "https://www.chess.com"]

[Event "Titled Tuesday Blitz August 09 Late 2022"]
[White "Salem, A.R. Saleh"]
[Black "Amburgy, Ryan"]
[WhiteFideId "9301348"]
[BlackFideId "30924820"]
[WhiteElo "2674"]
[BlackElo "2066"]
[Result "1-0"]
[Round "03"]
[TimeControl "180+1"]
[Date "2022.08.09"]
[WhiteClock "0:01:03"]
[BlackClock "0:00:12"]

1. d4 Nf6 2. c4 e6 3. Nc3 Bb4 4. a3 Bxc3+ 5. bxc3 c5 6. f3 O-O 7. e4 d6 8. Bd3 Nc6 9. Ne2 b6 10. O-O Ba6 11. Bg5 Rc8 12. f4 Qc7 13. e5 Nd7 14. Ng3 cxd4 15. Qh5 f5 16. exf6 Nxf6 17. Bxf6 gxf6 18. Rae1 Qf7 19. Qh4 f5 20. Nh5 Kh8 21. Rf3 Rg8 22. Nf6 Rg7 23. Rh3 Rc7 24. Bxf5 Bb7 25. Bxh7 Rxh7 26. Nxh7 Qxh7 27. Qf6+ 1-0


[Site "https://www.chess.com"]

[Event "Titled Tuesday Blitz August 09 Late 2022"]
[White "Sarana, Alexey"]
[Black "Maksimovic, Bojan"]
[WhiteFideId "24133795"]
[BlackFideId "14408120"]
[WhiteElo "2666"]
[BlackElo "2447"]
[Result "1-0"]
[Round "03"]
[TimeControl "180+1"]
[Date "2022.08.09"]
[WhiteClock "0:01:58"]
[BlackClock "0:00:05"]

1. c4 b6 2. Nc3 Bb7 3. e4 e6 4. a3 Nf6 5. d3 c5 6. Nf3 d6 7. g3 Nc6 8. Bg2 Nd4 9. Nxd4 cxd4 10. Ne2 e5 11. f4 Be7 12. O-O O-O 13. h3 b5 14. cxb5 Qb6 15. a4 a6 16. b4 Rac8 17. bxa6 Bxe4 18. dxe4 d3+ 19. Kh2 dxe2 20. Qxe2 Qxb4 21. Be3 exf4 22. gxf4 Nxe4 23. Rfb1 Qc4 24. Qxc4 Rxc4 25. a7 f5 26. Rb8 Rcc8 27. Rab1 1-0


[Site "https://www.chess.com"]

[Event "Titled Tuesday Blitz August 09 Late 2022"]
[White "Shimanov, Aleksandr"]
[Black "Kosteniuk, Alexandra"]
[WhiteFideId "4198603"]
[BlackFideId "4128125"]
[WhiteElo "2605"]
[BlackElo "2469"]
[Result "1-0"]
[Round "03"]
[TimeControl "180+1"]
[Date "2022.08.09"]
[WhiteClock "0:00:18"]
[BlackClock "0:00:28"]

1. e4 c6 2. d4 d5 3. Nd2 dxe4 4. Nxe4 Nf6 5. Nxf6+ exf6 6. c3 Bd6 7. Bd3 O-O 8. Qc2 Re8+ 9. Ne2 h5 10. O-O Nd7 11. Ng3 Nf8 12. Nxh5 Qc7 13. f4 Bg4 14. Ng3 c5 15. h3 Bd7 16. Qf2 cxd4 17. cxd4 Qa5 18. Bd2 Qd5 19. Ne2 Ne6 20. Be3 Nc7 21. Nc3 Qa5 22. Rae1 Bb4 23. Bd2 Bxc3 24. bxc3 Qxa2 25. f5 Bb5 26. c4 Qb3 27. Qg3 Bxc4 28. Bh6 g5 29. fxg6 Ne6 30. gxf7+ Kxf7 31. d5 Qxd3 32. dxe6+ Rxe6 33. Qg7+ Ke8 34. Rxe6+ Bxe6 35. Qf8+ Kd7 36. Qxa8 Bc4 37. Qxb7+ 1-0


[Site "https://www.chess.com"]

[Event "Titled Tuesday Blitz August 09 Late 2022"]
[White "Shuvalova, Polina"]
[Black "Hakobyan, Aram"]
[WhiteFideId "24171760"]
[BlackFideId "13306677"]
[WhiteElo "2330"]
[BlackElo "2557"]
[Result "0-1"]
[Round "03"]
[TimeControl "180+1"]
[Date "2022.08.09"]
[WhiteClock "0:00:04"]
[BlackClock "0:00:12"]

1. e4 d6 2. d4 Nf6 3. Nc3 e5 4. Nf3 Nbd7 5. Bc4 Be7 6. O-O c6 7. Qe2 h6 8. Rd1 Qc7 9. a4 Nf8 10. Be3 g5 11. Nd2 Ng6 12. g3 Ng4 13. b4 O-O 14. Bb3 Kh7 15. Nf1 Nf6 16. b5 Bg4 17. f3 Be6 18. Bf2 d5 19. Ne3 exd4 20. Rxd4 Bc5 21. Rdd1 d4 22. Nf5 Bxf5 23. exf5 Ne5 24. Ne4 Nxe4 25. Qxe4 Kg7 26. f6+ Kxf6 27. Rxd4 Kg7 28. Rd2 Bxf2+ 29. Kxf2 Rfe8 30. Qd4 Rad8 31. Qc3 Rxd2+ 32. Qxd2 cxb5 33. axb5 Qb6+ 34. Kg2 Nxf3 35. Qc3+ Ne5 36. Rf1 f6 37. Rd1 h5 38. Qb4 Ng4 39. Rd7+ Kh6 40. Qd2 Ne3+ 41. Kh1 Qxb5 42. Qf2 Qxd7 43. Qxf6+ Kh7 44. Qf3 Qd1+ 45. Qxd1 Nxd1 46. Kg2 Nc3 47. Kf3 Re7 0-1


[Site "https://www.chess.com"]

[Event "Titled Tuesday Blitz August 09 Late 2022"]
[White "Sorkin, Igor"]
[Black "Kamsky, Gata"]
[WhiteFideId "2803283"]
[BlackFideId "2000024"]
[WhiteElo "2401"]
[BlackElo "2666"]
[Result "0-1"]
[Round "03"]
[TimeControl "180+1"]
[Date "2022.08.09"]
[WhiteClock "0:00:15"]
[BlackClock "0:00:15"]

1. d4 f5 2. Nc3 Nf6 3. Bg5 d5 4. Bxf6 exf6 5. e3 c6 6. Bd3 Be6 7. h4 h5 8. Qf3 g6 9. Nge2 Bd6 10. g3 Nd7 11. a3 a5 12. Nf4 Bf7 13. Bf1 b5 14. Nd3 Qe7 15. Bg2 Nb6 16. O-O Kf8 17. Ne2 Kg7 18. c3 g5 19. hxg5 fxg5 20. Ne5 Bxe5 21. dxe5 Qxe5 22. Nd4 g4 23. Qf4 Qxf4 24. exf4 Rac8 25. Nxf5+ Kf6 26. Nd4 Nc4 27. b4 a4 28. Rfe1 h4 29. Bf1 Nd6 30. Re3 hxg3 31. fxg3 Ne4 32. Bg2 Bg6 33. f5 Bf7 34. Rf1 c5 35. Nxb5 cxb4 36. cxb4 Rc2 37. Bxe4 dxe4 38. Nc3 Rch2 39. Nxe4+ Kg7 40. Nf2 Bd5 41. Nxg4 Rg2# 0-1


[Site "https://www.chess.com"]

[Event "Titled Tuesday Blitz August 09 Late 2022"]
[White "Svane, Frederik"]
[Black "Rego, Pedro Filipe"]
[WhiteFideId "12923044"]
[BlackFideId "1904310"]
[WhiteElo "2459"]
[BlackElo "2125"]
[Result "1-0"]
[Round "03"]
[TimeControl "180+1"]
[Date "2022.08.09"]
[WhiteClock "0:00:43"]
[BlackClock "0:00:11"]

1. c4 Nf6 2. Nc3 e6 3. e4 d5 4. cxd5 exd5 5. e5 Ne4 6. Nf3 Be7 7. d4 c5 8. Bb5+ Nc6 9. O-O O-O 10. dxc5 Nxc3 11. bxc3 Bxc5 12. Bd3 Bg4 13. h3 Bxf3 14. Qxf3 Nxe5 15. Bxh7+ Kxh7 16. Qh5+ Kg8 17. Qxe5 Re8 18. Qf5 Rc8 19. Bg5 Be7 20. Bxe7 Rxe7 21. Rad1 Qd7 22. Qg5 Qe6 23. Rxd5 Rxc3 24. Rfd1 Rc8 25. Qh4 g6 26. Qh6 Ree8 27. Rd7 Re7 28. R7d6 Qe5 29. R1d5 Qe1+ 30. Kh2 Qxf2 31. Rxg6+ fxg6 32. Qxg6+ Rg7 33. Qe6+ Qf7 34. Qxc8+ Kh7 35. Qc2+ Rg6 36. Rh5+ Kg8 37. Qc8+ Qf8 38. Rh8+ Kxh8 39. Qxf8+ 1-0


[Site "https://www.chess.com"]

[Event "Titled Tuesday Blitz August 09 Late 2022"]
[White "Terry, Renato"]
[Black "Leiva, Gianmarco"]
[WhiteFideId "3803457"]
[BlackFideId "3804399"]
[WhiteElo "2577"]
[BlackElo "2323"]
[Result "1/2-1/2"]
[Round "03"]
[TimeControl "180+1"]
[Date "2022.08.09"]
[WhiteClock "0:02:28"]
[BlackClock "0:02:37"]

1. Nf3 Nf6 2. e3 d5 3. b3 c6 4. Bb2 Bg4 5. c4 Nbd7 6. Qc2 e6 7. Be2 Bd6 8. O-O Qe7 9. d4 Ne4 10. Nc3 f5 11. Nxe4 fxe4 12. Ne5 Bxe2 13. Qxe2 Nxe5 14. dxe5 Bc5 1/2-1/2


[Site "https://www.chess.com"]